 Dungeon Crawl Stone Soup version 0.32-a0-995-gb4a59205af (webtiles) character file.

Game seed: 5783084382733672110

196852 ohnonotagain the Severer (level 17, -7/152 HPs)
             Began as a Mountain Dwarf Fire Elementalist on Apr 19, 2024.
             Was the Champion of Beogh.
             Killed from afar by a spriggan druid (33 damage)
             ... with a stone arrow
             ... on level 2 of the Swamp on Apr 22, 2024.
             The game lasted 02:35:21 (33770 turns).

ohnonotagain the Severer (MDFE)                    Turns: 33770, Time: 02:35:21

Health: -7/152     AC: 28    Str: 20    XL:     17   Next: 75%
Magic:  29/29      EV: 16    Int: 15    God:    Beogh [******]
Gold:   1566       SH:  0    Dex: 17    Spells: 16/22 levels left

rFire   + + .        P - +8 frozen axe "Frostbite" {freeze, freezing cloud, *Noise Fly rC+}
rCold   + . .        (shield currently unavailable)
rNeg    + . .        h - +1 chain mail of Perfidy {rF- Will++ Str+2 Dex+3}
rPois   +            e - +0 helmet "Belucotz" {rF+++}
rElec   .            J - +2 ratskin cloak {*Rats rPois rN+ Str-1 Int-1 Dex+1}
rCorr   .            f - +1 pair of gloves of Death's Door {Dex+3}
SInv    .            E - +0 pair of boots
Will    +++..        y - amulet of regeneration Stlth
                     o - +4 ring of protection
HPRegen 1.25/turn    t - +5 ring of evasion
MPRegen 0.21/turn

%: no passive effects
@: flying
A: walk on water, runic magic, artefact enchanting
}: 1/15 runes: serpentine
a: Renounce Religion, Smiting, Recall Apostles, Blood for Blood, Dismiss Worak,
warrior, Dismiss Murdo, priest, Dismiss Bogbarth, warrior


You were on level 2 of the Swamp.
You worshipped Beogh.
Beogh was exalted by your worship.
You visited 5 branches of the dungeon, and saw 28 of its levels.
You also visited: Gauntlet.

You collected 2522 gold pieces.
You spent 956 gold pieces at shops.

Inventory:

Hand Weapons
 a - the +6 broad axe of Jitoziz {drain, rF+ Str+6 Int-5}
   (You found it on level 8 of the Dungeon)

   Str+6:     It affects your strength (+6).
   Int-5:     It affects your intelligence (-5).
   rF+:       It protects you from fire.
 b - a +3 trident of draining
 P - the +8 frozen axe "Frostbite" (weapon) {freeze, freezing cloud, *Noise Fly rC+}
   (You acquired it on level 3 of the Lair of Beasts)

   rC+:       It protects you from cold.
   Fly:       It grants you flight.
   *Noise:    It may make a loud noise when swung.
Missiles
 W - 5 throwing nets
 Y - 3 curare-tipped darts (quivered)
Armour
 e - the +0 helmet "Belucotz" (worn) {rF+++}
   (You found it in a Gauntlet)

   rF+++:     It renders you almost immune to fire.
 f - the +1 pair of gloves of Death's Door (worn) {Dex+3}
   (You found it in a Gauntlet)

   Dex+3:     It affects your dexterity (+3).
 h - the +1 chain mail of Perfidy (worn) {rF- Will++ Str+2 Dex+3}
   (You bought it in a shop on level 2 of the Orcish Mines)

   Str+2:     It affects your strength (+2).
   Dex+3:     It affects your dexterity (+3).
   rF-:       It makes you vulnerable to fire.
   Will++:    It greatly increases your willpower.
 E - a +0 pair of boots (worn)
 J - the +2 ratskin cloak (worn) {*Rats rPois rN+ Str-1 Int-1 Dex+1}
   (You found it on level 11 of the Dungeon)

   *Rats:     When the wearer is hurt, rats may emerge from it to assist them.
   Str-1:     It affects your strength (-1).
   Int-1:     It affects your intelligence (-1).
   Dex+1:     It affects your dexterity (+1).
   rPois:     It protects you from poison.
   rN+:       It protects you from negative energy.
Jewellery
 c - a ring of see invisible
 o - a +4 ring of protection (left hand)
 t - a +5 ring of evasion (right hand)
 y - an amulet of regeneration (around neck)
 G - a ring of resist corrosion
 U - a ring of protection from fire
Wands
 r - a wand of flame (14)
 w - a wand of polymorph (3)
 A - a wand of light (31)
 I - a wand of roots (12)
 K - a wand of charming (15)
 L - a wand of mindburst (31)
 O - a wand of digging (13)
Scrolls
 i - 2 scrolls of revelation
 k - 2 scrolls of enchant armour
 m - 2 scrolls of fog
 v - a scroll of torment
 x - 2 scrolls of poison
 C - 2 scrolls of teleportation
 D - a scroll of butterflies {unknown}
 M - 5 scrolls of enchant weapon
 T - 2 scrolls of silence
 X - 2 scrolls of fear
 Z - 6 scrolls of identify
Potions
 d - a potion of berserk rage
 g - a potion of ambrosia {unknown}
 j - 4 potions of brilliance
 n - 6 potions of magic
 p - a potion of cancellation
 q - 2 potions of haste
 u - 4 potions of attraction
 z - 2 potions of might
 B - 4 potions of heal wounds
 F - 5 potions of mutation
 N - a potion of enlightenment
 Q - 2 potions of invisibility
 R - a potion of resistance {unknown}
 S - a potion of curing
 V - 4 potions of lignification
Miscellaneous
 l - a sack of spiders
 s - a phantom mirror (inert)
 H - a phial of floods


   Skills:
 * Level 14.2 Fighting
 * Level 20.4 Axes
 * Level 15.0 Armour
 * Level 7.5 Dodging
 - Level 1.4 Stealth
 - Level 7.5 Shields
 + Level 3.3 Spellcasting
 + Level 2.3 Conjurations
 + Level 1.2 Translocations
 + Level 5.4 Fire Magic
 * Level 17.2 Invocations
 - Level 11.2 Evocations


You had 16 spell levels left.
You knew the following spells:

 Your Spells              Type           Power      Damage    Failure   Level
a - Foxfire               Conj/Fire      56%        2x1d6     5%          1
b - Scorch                Fire           36%        2d6       4%          2
c - Volatile Blastmotes   Fire/Tloc      24%        2d12      21%         3

Your spell library contained the following spells:

 Spells                   Type           Power      Damage    Failure   Level
 Momentum Strike          Conj/Tloc      14%        3d8       21%         2
 Sandblast                Erth           4%         2d4       26%         1
 Inner Flame              Hex/Fire       10%        N/A       26%         3
 Cigotuvi's Dreadful Rot  Necr/Alch/Air  4%         N/A       38%         2
 Ensorcelled Hibernation  Hex/Ice        4%         N/A       38%         2
 Teleport Other           Tloc           6%         N/A       43%         3
 Hailstorm                Conj/Ice       6%         3d5       45%         3
 Stone Arrow              Conj/Erth      12%        3d7       45%         3
 Flame Wave               Conj/Fire      14%        2d6       50%         4
 Fugue of the Fallen      Necr           2%         N/A       63%         3
 Ozocubu's Armour         Ice            2%         N/A       63%         3
 Passwall                 Erth           2%         N/A       63%         3
 Summon Ice Beast         Ice/Summ       2%         N/A       63%         3
 Swiftness                Air            2%         N/A       63%         3
 Ignite Poison            Fire/Alch      10%        N/A       65%         4
 Vhi's Electric Charge    Tloc/Air       8%         N/A       91%         4
 Animate Armour           Summ/Erth      4%         N/A       95%         4
 Animate Dead             Necr           2%         N/A       95%         4
 Dispel Undead            Necr           2%         3d7       95%         4
 Leda's Liquefaction      Alch/Erth      1%         N/A       95%         4
 Martyr's Knell           Necr/Summ      2%         N/A       95%         4
 Petrify                  Alch/Erth      2%         N/A       95%         4
 Arcjolt                  Conj/Air       3%         1d13      99%         5
 Freezing Cloud           Conj/Ice/Air   2%         6-21      99%         5
 Irradiate                Conj/Alch      3%         3d12      99%         5
 Summon Forest            Summ/Tloc      2%         N/A       99%         5
 Alistair's Intoxication  Alch           1%         N/A       100%        5
 Borgnjor's Vile Clutch   Necr/Erth      1%         N/A       100%        5
 Lee's Rapid Deconstruct  Erth           1%         3d4*      100%        5
 Metabolic Englaciation   Hex/Ice        1%         N/A       100%        5
 Summon Mana Viper        Hex/Summ       2%         N/A       100%        5
 Death Channel            Necr           1%         N/A       100%        6
 Dispersal                Tloc           3%         N/A       100%        6
 Eringya's Noxious Bog    Alch           1%         4d6       100%        6
 Gell's Gavotte           Tloc           3%         2d(12-18) 100%        6
 Permafrost Eruption      Ice/Erth       1%         2x4d1     100%        6
 Plasma Beam              Fire/Air       5%         2x1d15    100%        6
 Sculpt Simulacrum        Ice/Alch       1%         N/A       100%        6
 Summon Cactus Giant      Summ           1%         N/A       100%        6
 Haunt                    Necr/Summ      1%         N/A       100%        7
 Magnavolt                Erth/Air       1%         3d9       100%        7
 Manifold Assault         Tloc           3%         N/A       100%        7
 Seismic Cannonade        Alch/Erth      1%         6d4       100%        7
 Ignition                 Fire           9%         3d5       100%        8
 Infestation              Necr           1%         N/A       100%        8
 Lehudib's Crystal Spear  Conj/Erth      3%         10d2      100%        8


Dungeon Overview and Level Annotations

Branches:
Dungeon (15/15)            Temple (0/1) D:6            Lair (5/5) D:9
  Swamp (2/4) Lair:3        Snake (4/4) Lair:3        Slime (0/5) Lair:4
    Orc (2/2) D:9             Elf (0/3) Orc:2        Vaults (0/5) D:13
 Depths (0/4) D:15        Gauntlet (visited)

Altars:
Cheibriados
Dithmenos
Fedhas
Kikubaaqudgha
Nemelex Xobeh
Okawaru
Qazlal
Sif Muna
Trog
Xom
Beogh
Jiyva

Shops:
D:5 *(*[*   D:11 :   D:15 :   Orc:2 ([*=

Annotations:
D:8 1 runed translucent door, scrimwish's ghost, novice MDFi
Lair:3 exclusion: 2 oklob plants
Lair:4 3 runed translucent doors, Ofekhlai's ghost, journeyman AtFi


Innate Abilities, Weirdness & Mutations

You can walk on water.
Your facial features are unmistakably orcish.
Your spellcasting is much less encumbered by armour.
You can use scrolls of enchantment on lesser artefacts.


Message History

You closely miss the spriggan.
The spriggan is severely wounded.
The spriggan druid casts a spell.
The forest starts to sway and rumble!
The spriggan hits you but does no damage.
You miss the spriggan.
The spriggan is severely wounded.
You are hit by a branch!
You slice the spriggan!! You freeze the spriggan.
You kill the spriggan!
Beogh accepts your kill.
You hear a splash. x2
Found an escape hatch in the ceiling.
You feel roots moving beneath the ground.
A root smacks you from below!
The spriggan druid calls out to the beasts of the wild!
Items here: )) [ †.
You slash the spriggan druid! You freeze the spriggan druid.
The spriggan druid is lightly wounded.
The spriggan blocks your attack. A tree reaches out and hits you!
The spriggan barely misses you.
The spriggan druid casts a spell at you.
The stone arrow hits you!!!
* * * LOW HITPOINT WARNING * * *
You barely miss the spriggan druid.
The spriggan druid is lightly wounded.
You closely miss the spriggan. A root lunges up near you.
The spriggan splashes around in the water.
The spriggan druid hits you with a +0 quarterstaff!
* * * LOW HITPOINT WARNING * * *
You feel roots moving beneath the ground.
You are hit by a branch!
* * * LOW HITPOINT WARNING * * *
The spriggan hits you but does no damage.
The spriggan druid hits you but does no damage.
A tyrant leech comes into view.
The spriggan attacks as it pursues you! The spriggan misses you.
The spriggan druid casts a spell at you.
The stone arrow hits you!!
You die...

≈≈≈♣.♣♣♣
≈≈≈≈≈≈≈~.~♣♣
♣♣♣≈≈≈≈≈≈.~~.♣
..~♣≈≈≈ §.~~.♣
~...♣≈. ~..~♣
~.~~§~.♣♣♣..~♣
.~.~~~.~~♣..♣♣
♣.....i♣§<~♣
♣~@i○♣♣♣♣
..<~~....~~~♣
~~~~~~...♣♣.~♣
§~~~~~~~.♣ ♣♣♣
~~~~~....♣
..~~~.~♣♣♣
.w...♣♣ ....~


You could see a tyrant leech, a spriggan druid and a spriggan.

Vanquished Creatures
  Vashnia (Snake:4)
  Nikola (Snake:4)
  Kirke (D:12)
  Aizul (Snake:4)
  Donald (Swamp:1)
  9 nagarajas (Snake:4)
  An orc warlord (Orc:2)
  Nessos (D:12)
  An ettin (Orc:2)
  Snorg (D:11)
  2 fire dragons
  Josephine (D:13)
  An ice dragon (D:15)
  Harold (Orc:1)
  3 vault guards (D:13)
  7 hydras
  A salamander tyrant (Snake:2)
  A catoblepas (Lair:5)
  3 boulder beetles
  3 alligators (Swamp:1)
  12 anacondas
  An ogre mage (Orc:1)
  A centaur warrior (D:10)
  9 two-headed ogres
  4 orc high priests (Orc:2)
  20 naga warriors
  8 naga sharpshooters
  Urug (D:12)
  2 hell hogs
  Nergalle (Lair:1)
  2 tengu warriors (D:15)
  2 shock serpents
  A salamander mystic (Snake:3)
  7 skeletal warriors
  5 sea snakes (Snake:4)
  2 goliath frogs (Swamp:1)
  2 spriggan druids (Lair:3)
  3 skysharks (Lair:5)
  4 mana vipers
  2 arcanists (D:13)
  5 naga ritualists
  A bog body (Swamp:1)
  A harpy (shapeshifter) (D:15)
  2 large abominations (Gauntlet)
  9 ugly things
  An obsidian bat (Orc:1)
  5 orc knights
  A deep elf zephyrmancer (D:10)
  2 deep elf pyromancers
  A will-o-the-wisp (Swamp:1)
  4 orc sorcerers
  9 cyclopes
  A manticore (Lair:5)
  11 salamanders
  A moth of wrath (D:15)
  5 kobold blastminers (Orc:2)
  7 guardian serpents
  A rust devil (D:12)
  13 naga magi
  Joseph (D:7)
  30 black mambas
  A torpor snail (Lair:2)
  3 gargoyles
  5 cane toads
  2 unseen horrors
  A kobold demonologist (D:8)
  Jeremiah (D:8)
  3 rime drakes
  10 komodo dragons
  2 yaktaurs (D:10)
  A freezing wraith (D:15)
  Psyche (D:11)
  A red devil (D:12)
  9 polar bears
  3 trolls
  A tyrant leech (Swamp:1)
  9 hornets
  5 raiju (Lair:5)
  8 dream sheep
  6 blink frogs
  4 small abominations (Gauntlet)
  2 shadows
  6 slime creatures (D:13)
  4 wraiths
  52 yaks
  6 spriggans
  19 humans (D:13)
  2 fire bats (Gauntlet)
  A yak (shapeshifter) (D:13)
  5 basilisks
  3 wyverns
  5 wargs
  10 vampire mosquitoes
  Grum (D:11)
  4 steam dragons
  3 swamp worms (Swamp:1)
  56 nagas
  14 water moccasins
  9 hell hounds
  Pargi (D:4)
  27 orc warriors
  3 sky beasts
  11 black bears
  A swamp drake (Swamp:1)
  An ice beast (D:6)
  4 ogres
  25 wolves
  8 centaurs
  3 phantoms
  2 kobold brigands
  8 bullfrogs
  3 gnoll sergeants
  3 scorpions
  4 wights (D:10)
  4 killer bees (D:7)
  A howler monkey (D:5)
  4 hounds
  3 jellies
  17 orc priests
  A bombardier beetle (D:6)
  A gnoll bouda (D:8)
  8 iguanas
  Ijyb (D:4)
  22 orc wizards
  22 gnolls
  9 adders
  A shadow imp (D:6)
  3 white imps
  4 dart slugs
  44 orcs
  5 bats
  17 endoplasms
  2 giant cockroaches
  9 goblins
  7 hobgoblins
  2 jackals (D:4)
  11 kobolds
  6 quokkas
  9 ball pythons
  6 frilled lizards
  18 rats
860 creatures vanquished.

Vanquished Creatures (collateral kills)
  Bai Suzhen (Snake:4)
  A minotaur (Gauntlet)
  2 hydras (Lair:3)
  3 two-headed ogres (Orc:1)
  4 naga sharpshooters
  An orc high priest (Snake:3)
  A naga warrior (Snake:4)
  A sea snake (Snake:4)
  A salamander (Snake:1)
  A kobold blastminer (Orc:2)
  A naga mage (Snake:4)
  4 cane toads
  A komodo dragon (Lair:5)
  A rime drake (Lair:2)
  A troll (Lair:3)
  A polar bear (Lair:5)
  3 blink frogs (Lair:1)
  A raiju (Lair:5)
  4 dream sheep
  2 wyverns
  9 yaks
  A basilisk (Lair:1)
  3 water moccasins
  3 hell hounds (Lair:5)
  3 orc warriors
  A black bear (Lair:5)
  6 wolves
  2 bullfrogs
  An electric eel (Lair:4)
  An orc priest (Orc:2)
  6 orcs
71 creatures vanquished.

Vanquished Creatures (others)
  3 orc apostles
  An orc sorcerer (Orc:2)
  A shadow (D:10)
  3 humans (D:12)
  A basilisk (D:12)
  4 orc warriors
  A wight (D:10)
  2 orc priests
  4 orc wizards
  A gnoll (D:9)
  25 orcs
  161 foxfires
207 creatures vanquished.

Grand Total: 1138 creatures vanquished

Notes
Turn   | Place    | Note
-------+----------+-------------------------------------------
     0 | D:1      | ohnonotagain the Mountain Dwarf Fire Elementalist began the
                  | quest for the Orb.
     0 | D:1      | Reached XP level 1. HP: 14/14 MP: 3/3
    47 | D:1      | Reached skill level 1 in Conjurations
   158 | D:1      | Reached XP level 2. HP: 22/22 MP: 2/4
   170 | D:1      | Reached skill level 1 in Fighting
   441 | D:1      | Learned a level 2 spell: Scorch
   638 | D:1      | Reached XP level 3. HP: 28/28 MP: 2/6
  1625 | D:2      | Reached XP level 4. HP: 36/36 MP: 3/7
  1932 | D:2      | Found a roughly hewn altar of Beogh.
  1972 | D:2      | Found a faded altar of an unknown god.
  2102 | D:2      | Identified the +3 ring mail of the Hart {rPois rF+ Str+4
                  | Int-3}
  2466 | D:3      | Reached skill level 1 in Axes
  2480 | D:3      | Reached XP level 5. HP: 39/42 MP: 4/8
  2901 | D:4      | Noticed a black bear
  2960 | D:4      | Killed a black bear
  2961 | D:4      | Reached skill level 4 in Axes
  3033 | D:4      | Reached XP level 6. HP: 33/50 MP: 9/9
  3109 | D:4      | Found a bloodstained altar of Trog.
  3154 | D:4      | Noticed Pargi
  3168 | D:4      | Killed Pargi
  3169 | D:4      | Reached skill level 1 in Armour
  3261 | D:4      | Noticed Ijyb
  3270 | D:4      | Killed Ijyb
  3379 | D:4      | Reached skill level 5 in Axes
  3499 | D:4      | Found a sparkling altar of Nemelex Xobeh.
  3688 | D:5      | Entered Level 5 of the Dungeon
  3710 | D:5      | Found a shadowy altar of Dithmenos.
  3721 | D:5      | Found Koycirr's General Store.
  3786 | D:5      | Became a worshipper of Beogh the Shepherd
  3941 | D:5      | Found an iron altar of Okawaru.
  3975 | D:5      | Noticed an animated shadow dragon scales
  3978 | D:5      | Found Bykohag's Armour Shoppe.
  3980 | D:5      | Noticed an animated crystal plate armour
  3990 | D:5      | Bought a +0 cloak for 45 gold pieces
  3990 | D:5      | Bought a +0 pair of boots for 45 gold pieces
  4003 | D:5      | Reached skill level 1 in Invocations
  4003 | D:5      | Reached XP level 7. HP: 56/57 MP: 4/10
  4565 | D:5      | Found Cots's General Store.
  4600 | D:5      | Reached skill level 6 in Axes
  4625 | D:5      | Found Ibuxzeno's Assorted Antiques.
  4631 | D:5      | Bought a scroll labelled DUKLAGAIGI for 27 gold pieces
  4631 | D:5      | Bought a scroll labelled DUKLAGAIGI for 27 gold pieces
  4708 | D:5      | Found Ywoqinen's Antique Weapon Shoppe.
  4720 | D:5      | Learned a level 3 spell: Volatile Blastmotes
  5210 | D:6      | Reached skill level 1 in Evocations
  5317 | D:6      | Reached * piety under Beogh
  5318 | D:6      | Reached XP level 8. HP: 67/67 MP: 7/11
  5519 | D:6      | Reached skill level 7 in Axes
  5605 | D:6      | Found a staircase to the Ecumenical Temple.
  5834 | D:6      | Found an ancient bone altar of Kikubaaqudgha.
  6117 | D:6      | Reached skill level 5 in Fighting
  6490 | D:6      | Reached skill level 8 in Axes
  6695 | D:7      | Found a blossoming altar of Fedhas.
  6711 | D:7      | Reached XP level 9. HP: 74/74 MP: 5/12
  6835 | D:7      | Reached ** piety under Beogh
  7239 | D:7      | Reached skill level 5 in Invocations
  7434 | D:7      | Reached skill level 5 in Evocations
  7486 | D:7      | Noticed Joseph
  7499 | D:7      | Killed Joseph
  7552 | D:7      | Reached skill level 9 in Axes
  7552 | D:7      | Reached skill level 5 in Armour
  7786 | D:8      | Reached skill level 1 in Shields
  7803 | D:8      | Found a runed translucent door.
  7805 | D:8      | Found a shimmering altar of Xom.
  7805 | D:8      | Noticed scrimwish's ghost (novice MDFi)
  7805 | D:8      | Noticed a +5 long sword of chaos
  7899 | D:8      | Noticed Jeremiah
  7914 | D:8      | Killed Jeremiah
  7933 | D:8      | Noticed a cyclops
  7933 | D:8      | Noticed a two-headed ogre
  7934 | D:8      | Noticed a cyclops
  7934 | D:8      | Noticed a two-headed ogre
  7956 | D:7      | Killed a two-headed ogre
  7957 | D:7      | Reached skill level 10 in Axes
  7957 | D:7      | Reached XP level 10. HP: 63/83 MP: 5/14
  8235 | D:8      | Killed a cyclops
  8417 | D:8      | Killed a two-headed ogre
  8543 | D:8      | Identified the +5 broad axe of Jitoziz {drain, rF+ Str+6
                  | Int-5}
  8584 | D:8      | Killed a cyclops
  8585 | D:8      | Reached skill level 11 in Axes
  9453 | D:9      | Found a shimmering blue altar of Sif Muna.
  9527 | D:9      | Reached skill level 12 in Axes
  9944 | D:9      | Found a staircase to the Orcish Mines.
  9988 | D:9      | Reached XP level 11. HP: 64/89 MP: 8/17
 10321 | D:9      | Found a staircase to the Lair.
 10585 | D:9      | Found a stormy altar of Qazlal.
 10633 | D:9      | Reached *** piety under Beogh
 10678 | D:9      | Identified the +1 hand axe of Imbalance {flame, rElec Will+
                  | Int+2}
 10722 | D:9      | Anointed Orkrul the priest as your apostle
 11017 | Lair:1   | Entered Level 1 of the Lair of Beasts
 11052 | Lair:1   | Reached skill level 13 in Axes
 11542 | Lair:1   | Noticed Nergalle
 11546 | Lair:1   | Killed Nergalle
 11868 | Lair:1   | Reached skill level 10 in Invocations
 12104 | Lair:1   | Reached skill level 14 in Axes
 12354 | Lair:2   | Noticed Worak
 12372 | Lair:2   | Anointed Worak the warrior as your apostle
 12379 | Lair:2   | Noticed a boulder beetle
 12385 | Lair:2   | Reached XP level 12. HP: 69/100 MP: 19/19
 12389 | Lair:2   | Killed a boulder beetle
 13280 | Lair:3   | Identified a scroll of acquirement
 13350 | Lair:3   | Found a gate leading to a gauntlet.
 13353 | Lair:3   | Reached skill level 15 in Axes
 13376 | Lair:3   | Noticed Bogrim
 13384 | Lair:3   | Anointed Bogrim the priest as your apostle
 13396 | Gauntlet | Entered a Gauntlet
 13396 | Gauntlet | Found a transporter.
 13396 | Gauntlet | Found a transporter.
 13396 | Gauntlet | Found a transporter.
 13434 | Gauntlet | Found a transporter.
 13435 | Gauntlet | Found a transporter.
 13437 | Gauntlet | Noticed a hell hog
 13445 | Gauntlet | Found a transporter.
 13512 | Gauntlet | Found a transporter.
 13522 | Gauntlet | Found a transporter.
 13537 | Gauntlet | Found a transporter.
 13547 | Gauntlet | Found a transporter.
 13562 | Gauntlet | Found a transporter.
 13568 | Gauntlet | Found a transporter.
 13668 | Gauntlet | Reached **** piety under Beogh
 13680 | Gauntlet | Identified the +0 helmet "Belucotz" {rF+++}
 13749 | Gauntlet | Identified the +1 pair of gloves of Death's Door {Dex+3}
 13767 | Gauntlet | Killed a hell hog
 13768 | Gauntlet | Reached skill level 5 in Shields
 13794 | Gauntlet | Noticed a minotaur
 13800 | Gauntlet | Killed a minotaur
 13804 | Gauntlet | Identified the +1 long sword of Bodily Harmony {freeze,
                  | Str+3}
 13906 | Lair:3   | Noticed a four-headed hydra
 13914 | Lair:3   | Killed a four-headed hydra
 13976 | Lair:3   | Reached skill level 10 in Armour
 13981 | Lair:3   | Found a staircase to the Snake Pit.
 14387 | Lair:3   | Noticed an eight-headed hydra
 14394 | Lair:3   | Killed an eight-headed hydra
 14753 | Lair:3   | Your ally Worak died
 14756 | Lair:3   | Reached skill level 16 in Axes
 14756 | Lair:3   | Reached XP level 13. HP: 108/108 MP: 21/21
 14760 | Lair:3   | Your ally Bogrim died
 14885 | Lair:3   | Found a staircase to the Swamp.
 15347 | Lair:4   | Found a viscous altar of Jiyva.
 15347 | Lair:4   | Found a staircase to the Slime Pits.
 15500 | Lair:4   | Found a runed translucent gate.
 15500 | Lair:4   | Found a runed translucent gate.
 15500 | Lair:4   | Found a runed translucent gate.
 15501 | Lair:4   | Noticed Ofekhlai's ghost (journeyman AtFi)
 15659 | Lair:4   | Reached ***** piety under Beogh
 16057 | Lair:5   | Entered Level 5 of the Lair of Beasts
 16735 | Lair:5   | Reached skill level 17 in Axes
 17333 | Lair:5   | Noticed Murdo
 17343 | Lair:5   | Anointed Murdo the priest as your apostle
 18066 | Lair:5   | Reached skill level 10 in Fighting
 18098 | Lair:5   | Your ally Worak died
 18152 | Lair:5   | Reached XP level 14. HP: 100/121 MP: 23/23
 18527 | Lair:5   | Reached ****** piety under Beogh
 18637 | Lair:5   | Identified the +8 short sword of the Everdark {freeze,
                  | rCorr Int-5 Dex+3}
 18899 | Lair:5   | Upgraded the game from 0.32-a0-975-g85d4e5bfdb to
                  | 0.32-a0-995-gb4a59205af
 19067 | D:10     | Entered Level 10 of the Dungeon
 19190 | D:10     | Paralysed by an orc sorcerer for 5 turns
 19229 | D:10     | Paralysed by an orc sorcerer for 3 turns
 19530 | D:10     | Reached skill level 18 in Axes
 19562 | D:10     | Got Hoquon's Dissertation on Kinetic Spelunking
 19570 | D:10     | Identified the +6 battleaxe of Ampeumij {flame, Int+2
                  | Dex+5}
 19711 | D:10     | Identified the +6 whip of the Walnut {antimagic, ^Drain
                  | *Slow Fly rN+++}
 19939 | D:10     | Acquired the +8 frozen axe "Frostbite" {freeze, freezing
                  | cloud, *Noise Fly rC+}
 19939 | D:10     | Found the +8 frozen axe "Frostbite" {freeze, freezing
                  | cloud, *Noise Fly rC+}
 20343 | D:11     | Found the +2 ratskin cloak {*Rats rPois rN+ Str-1 Int-1
                  | Dex+1}
 20418 | D:11     | Found Syigid's Self-Published Books.
 20452 | D:11     | Noticed Snorg
 20463 | D:11     | Killed Snorg
 20611 | D:11     | Noticed Grum
 20623 | D:11     | Killed Grum
 20803 | D:11     | Noticed Psyche
 20827 | D:11     | Found Syigid's Self-Published Books.
 20970 | D:11     | Killed Psyche
 21097 | D:12     | Found a roughly hewn altar of Beogh.
 21378 | D:12     | Noticed Kirke
 21387 | D:12     | Killed Kirke
 21670 | D:12     | Noticed Nessos
 21673 | D:12     | Killed Nessos
 21839 | D:12     | Noticed Urug
 21850 | D:12     | Killed Urug
 22076 | Orc:1    | Entered Level 1 of the Orcish Mines
 22213 | Orc:2    | Entered Level 2 of the Orcish Mines
 22336 | Orc:2    | Found a staircase to the Elven Halls.
 22533 | Orc:2    | Noticed an orc warlord
 22533 | Orc:2    | Was placed under penance by Beogh
 22550 | Orc:2    | Killed an orc warlord
 22551 | Orc:2    | Reached XP level 15. HP: 47/130 MP: 25/25
 22579 | Orc:2    | HP: 6/130 [poisoned by an orc high priest]
 22584 | Orc:2    | HP: 6/130 [poisoned by an orc high priest]
 22770 | Orc:2    | Found Fodi's General Store.
 22771 | Orc:2    | Found Fadwuyw's Jewellery Shop.
 22773 | Orc:2    | Found Rinecut's Antique Armour Shop.
 22773 | Orc:2    | Found Coixusuj's Antique Weapon Boutique.
 23036 | Orc:2    | Bought an encrusted chain mail for 380 gold pieces
 23036 | Orc:2    | Identified the +1 chain mail of Perfidy {rF- Will++ Str+2
                  | Dex+3} (You bought it in a shop on level 2 of the Orcish
                  | Mines)
 23055 | Orc:2    | Bought a +4 ring of protection for 432 gold pieces
 23103 | Orc:1    | Noticed Harold
 23118 | Orc:1    | Killed Harold
 23284 | Orc:1    | Was forgiven by Beogh
 23672 | D:13     | Noticed Josephine
 23687 | D:13     | Killed Josephine
 24047 | D:13     | Found a gate to the Vaults.
 24138 | D:13     | Found a snail-covered altar of Cheibriados.
 24559 | D:14     | Reached skill level 15 in Invocations
 24570 | D:14     | Reached skill level 5 in Dodging
 24684 | D:14     | Identified the +6 mace of the Sky {drain, rElec rF+}
 24810 | D:14     | Reached skill level 19 in Axes
 25186 | D:15     | Entered Level 15 of the Dungeon
 25244 | D:15     | Identified the ring "Xieraqumo" {*Corrode Fly rN+ Will+
                  | Int+2}
 25263 | D:15     | Found Purec's Book Shop.
 25421 | D:15     | Found a staircase to the Depths.
 25774 | D:15     | Found a bloodstained altar of Trog.
 26491 | Snake:1  | Entered Level 1 of the Snake Pit
 26516 | Snake:1  | Reached XP level 16. HP: 140/140 MP: 27/27
 27149 | Lair:3   | Anointed Bogbarth the warrior as your apostle
 27439 | Snake:1  | Found a sparkling altar of Nemelex Xobeh.
 28134 | Snake:2  | Reached skill level 10 in Evocations
 30197 | Snake:4  | Entered Level 4 of the Snake Pit
 30219 | Snake:4  | Noticed Nikola
 30237 | Snake:4  | Killed Nikola
 30426 | Snake:3  | Reached XP level 17. HP: 127/150 MP: 29/29
 30525 | Snake:4  | Identified the +8 flail of the Aged Stories {protect,
                  | Int+3}
 30816 | Snake:4  | Reached skill level 20 in Axes
 30873 | Snake:4  | Noticed Bai Suzhen
 30881 | Snake:4  | Killed Bai Suzhen
 30997 | Snake:4  | Identified the serpent talisman "Nochilaq" {*Corrode rN+
                  | Int+3}
 30997 | Snake:4  | Noticed Aizul
 31006 | Snake:4  | Killed Aizul
 31100 | Snake:4  | Noticed Vashnia
 31205 | Snake:4  | Killed Vashnia
 31895 | Snake:4  | Reached skill level 5 in Fire Magic
 32214 | Snake:4  | Got a serpentine rune of Zot
 32431 | Swamp:1  | Entered Level 1 of the Swamp
 32494 | Swamp:1  | Reached skill level 1 in Translocations
 33274 | Swamp:1  | Reached skill level 15 in Armour
 33404 | Swamp:1  | Noticed Donald
 33421 | Swamp:1  | Killed Donald
 33770 | Swamp:2  | Killed from afar by a spriggan druid

Illustrated notes

Levels and vault maps discovered:
D:1:      dpeg_arrival_stonehenge_8_columns, layout_rooms, roderic_lattice_a,
          minmay_unequal
D:2:      layout_loops_corners, hellmonk_ecumenical_altar_defaced_shrine,
          minmay_tromino_v7
D:3:      layout_basic
D:4:      layout_basic, nemelex_xobeh_ov_fountains_minmay, trog_book,
          nicolae_the_louvre, uniq_ijyb, uniq_pargi
D:5:      layout_loops_ring, hellmonk_okawaru_the_only_friend_you_need,
          nicolae_dithmenos_through_a_glass_darkly, serial_shops,
          nicolae_shop_hallway_stairs, nicolae_shop_mannequins, shop, shop,
          shop_fountains, minmay_misc_feat_secret_circle,
          hangedman_decor_growths
D:6:      minmay_razor_zed, layout_basic, mainiacjoe_overflow_alcove_2,
          temple_doors_e
D:7:      layout_rooms, fedhas_altar_1, uniq_joseph
D:8:      layout_cave_pods, ebering_ghost_xom, minmay_radiant, uniq_jeremiah
D:9:      layout_roguey, nicolae_qazlal_general_emergency,
          mainiacjoe_overflow_24_doors, david_lair_shrubbed,
          kennysheep_orc_monster_closet_entryway, serial_aquarium,
          aquarium_bridge_square [aquarium_subvault_window,
          aquarium_subvault_bridge, aquarium_subvault_wall,
          aquarium_subvault_window], aquarium_bridge_square
          [aquarium_subvault_bridge, aquarium_subvault_wall,
          aquarium_subvault_bridge, aquarium_subvault_bridge],
          aquarium_window_1, aquarium_window_fake, aquarium_window_1,
          aquarium_view_2g, aquarium_view_2c, aquarium_pool_four
D:10:     minmay_the_grid_net [minmay_the_grid_holed_spiral,
          minmay_the_grid_outer_circle, minmay_the_grid_fan,
          minmay_the_grid_tri_star, minmay_the_grid_small_cups,
          minmay_the_grid_prize_four_corners_diamond_b], layout_basic,
          hangedman_decor_peaks_small
D:11:     layout_long_grid, nicolae_custom_books, uniq_snorg, uniq_grum,
          uniq_psyche
D:12:     layout_cave_pods, special_room [special_room_orc], uniq_kirke,
          uniq_nessos, uniq_urug
D:13:     layout_long_grid, grunt_vaults_entry_tiered, cheibriados_altar_1,
          uniq_josephine
D:14:     layout_basic, chequers_big_river
D:15:     grunt_enter_depths_hoard, layout_loops_corners, serial_shops, shop,
          serial_bayou_pond_d, tgw_trog
Lair:1:   layout_loops_ring, minivault_26, uniq_nergalle
Lair:2:   layout_regular_city, chequers_serial_rivers_room_a
Lair:3:   layout_cave_pods, mainiacjoe_swamp_entry_angry_trees,
          minmay_snake_entry_guardpost_large, gauntlet_entry_generic,
          dpeg_oklob_1
Lair:4:   layout_misc_corridors, slime_entry_1, gammafunk_ghost_necromancy,
          grunt_megastairs_4, infiniplex_staircase_pool
Lair:5:   hangedman_lair_caniforms_friends, layout_regular_city,
          grunt_megastairs_1
Swamp:1:  layout_falls_marsh, evilmike_swamp_ruin_house_1, uniq_donald
Swamp:2:  layout_basic_swamp, gammafunk_ghost_wrathful_warriors,
          evilmike_swamp_ruin_house_2, swamp_pool_1_2
Snake:1:  layout_rooms, basic_altar
Snake:2:  layout_onion_interference, nicolae_triple_integral
Snake:3:  layout_chambers, special_room, nicolae_coiled_stairwell_up
Snake:4:  grunt_snake_rune_pools, layout_cave_town, uniq_vashnia, uniq_nikola,
          uniq_bai_suzhen, uniq_aizul
Orc:1:    layout_diamond_mine, lemuel_statue_altar, nicolae_orc_crystal_geode,
          uniq_harold
Orc:2:    st_orc_congregation, layout_diamond_mine

Skill      XL: |  1  2  3  4  5  6  7  8  9 10 11 12 13 14 15 16 17 |
---------------+----------------------------------------------------+-----
Conjurations   | 1 2 |  2.3
Fighting       | 1 2 3 4 5 6 7 8 10 11 12 13 14 | 14.2
Fire Magic     | 4 5 |  5.4
Spellcasting   | 2 3 |  3.3
Axes           | 1 4 5 6 8 10 12 14 16 17 18 19 20 | 20.4
Armour         | 2 3 4 5 7 9 10 11 12 13 14 15 | 15.0
Invocations    | 1 3 4 6 8 10 11 13 14 15 16 17 | 17.2
Evocations     | 1 4 5 7 9 10 11 | 11.2
Shields        | 2 4 5 7 |  7.5
Dodging        | 3 5 6 7 |  7.5
Translocations | 1 |  1.2
Stealth        | |  1.4

Action                     |  1- 3 |  4- 6 |  7- 9 | 10-12 | 13-15 | 16-18 || total
---------------------------+-------+-------+-------+-------+-------+-------++-------
  Melee: Whip              |    61 |    66 |       |       |       |       ||   127
         Hand axe          |       |    41 |   137 |       |       |       ||   178
         War axe           |       |       |    35 |    11 |       |       ||    46
         Broad axe         |       |       |       |   399 |   365 |       ||   764
         Trident           |       |       |       |     8 |    14 |       ||    22
         Executioner's axe |       |       |       |       |   441 |   608 ||  1049
  Throw: Dart              |       |       |       |       |     2 |     3 ||     5
   Cast: Foxfire           |    28 |    34 |    24 |     4 |       |       ||    90
         Scorch            |    11 |    45 |   120 |    39 |       |       ||   215
 Invoke: Convert to Beogh  |       |     1 |       |       |       |       ||     1
         Smiting           |       |       |     3 |    11 |    12 |     7 ||    33
         Recruit Apostle   |       |       |       |     3 |     1 |     1 ||     5
         Recall Apostles   |       |       |       |     1 |    12 |     4 ||    17
         Dismiss Apostle   |       |       |       |       |     1 |     1 ||     2
  Evoke: Wand              |       |       |     3 |    17 |    30 |     4 ||    54
         Sack of spiders   |       |       |       |       |     1 |     1 ||     2
         Phial of floods   |       |       |       |       |       |     1 ||     1
         Phantom mirror    |       |       |       |       |       |     1 ||     1
    Use: Scroll            |       |     2 |     6 |    12 |    15 |     7 ||    42
         Potion            |       |     1 |     3 |     3 |     7 |     1 ||    15
   Stab: Sleeping          |     3 |     3 |       |       |       |       ||     6
         Invisible         |       |       |     1 |     2 |    16 |       ||    19
         Distracted        |       |       |       |     3 |    14 |     6 ||    23
 Armour: Robe              |    46 |    54 |       |       |       |       ||   100
         Ring mail         |       |    40 |   239 |   307 |   505 |       ||  1091
         Chain mail        |       |       |       |       |   220 |   764 ||   984
  Dodge: Dodged            |    55 |    64 |   135 |   168 |   433 |   474 ||  1329
  Block: Buckler           |       |       |     6 |    76 |    90 |       ||   172

Table legend: (Time is in decaauts)
 A = Elapsed time spent in this place.
 B = Non-inter-level travel time spent in this place.
 C = Inter-level travel time spent in this place.
 D = Time resting spent in this place.
 E = Time spent auto-exploring this place.
 F = Levels seen in this place.
 G = Mean time per level.
                   A        B        C        D        E       F      G
               +--------+--------+--------+--------+--------+-----+--------+
         Total |  33645 |  30946 |   2699 |   2753 |  21413 |  29 | 1160.2 |
       Dungeon |  17213 |  15981 |   1232 |   1031 |  11776 |  15 | 1147.5 |
          Lair |   8309 |   7414 |    895 |    818 |   5029 |   5 | 1661.8 |
         Swamp |    788 |    752 |     36 |    120 |    489 |   2 |  394.0 |
     Snake Pit |   5279 |   5020 |    259 |    609 |   3168 |   4 | 1319.8 |
  Orcish Mines |   1568 |   1292 |    276 |    150 |    713 |   2 |  784.0 |
      Gauntlet |    486 |    486 |      0 |     25 |    237 |   1 |  486.0 |
               +--------+--------+--------+--------+--------+-----+--------+

Top non-repeatable levels by time:
  Lair:5: 2631 daAuts
  Lair:3: 2435 daAuts
     D:9: 2237 daAuts
     D:6: 2084 daAuts
 Snake:3: 1878 daAuts
 Snake:4: 1690 daAuts
     D:8: 1395 daAuts
  Lair:1: 1255 daAuts
     D:5: 1230 daAuts
     D:1: 1154 daAuts
    D:11: 1145 daAuts
 Snake:2: 1098 daAuts
     D:2: 1074 daAuts
  Lair:2: 1070 daAuts
    D:15: 1057 daAuts
